[Event "ICC tourney 2580 (30 10)"]
[Site "Internet Chess Club"]
[Date "2021.05.22"]
[Round "1"]
[White "GUAN, MARIE:marieplaychess"]
[Black "SINTON, LUC:LucSinton"]
[Result "0-1"]
[ICCResult "White checkmated"]
[WhiteElo "951"]
[BlackElo "674"]
[Opening "Scotch game"]
[ECO "C45"]
[NIC "SO.04"]
[Time "11:06:17"]
[PlyCount "38"]
[TimeControl "1800+10"]

1. e4 e5 2. Nf3 Nc6 3. d4 exd4 4. Nxd4 Nxd4 5. Qxd4 Nf6 6. e5 c5 7. Qe4
Nxe4 8. Bd3 Ng5 9. O-O d5 10. Re1 c4 11. Bf1 Bc5 12. Nc3 O-O 13. Rd1 d4 14.
Ne2 b6 15. Ng3 Bb7 16. Bxc4 Ne6 17. c3 Qc8 18. Ne2 Qc6 19. a4 Qxg2# { White
checkmated } 0-1

[Event "ICC tourney 2580 (30 10)"]
[Site "Internet Chess Club"]
[Date "2021.05.22"]
[Round "1"]
[White "NGUYEN, THANH VIET:thanhcaptures"]
[Black "DASARI, ADIT RAJ:AlectroGamerAD"]
[Result "1-0"]
[ICCResult "Black resigns"]
[WhiteElo "1187"]
[BlackElo "920"]
[Opening "King's pawn game"]
[ECO "C50"]
[NIC "IG.03"]
[Time "11:06:34"]
[PlyCount "77"]
[TimeControl "1800+10"]

1. e4 e5 2. Nf3 Nc6 3. Bc4 h6 4. d4 exd4 5. Nxd4 Nxd4 6. Qxd4 d6 7. O-O Bd7
8. Nc3 c5 9. Qd3 Be7 10. Bf4 Bc6 11. Nb5 Bxb5 12. Bxb5+ Kf8 13. Rfe1 Nf6
14. Rad1 a6 15. Bc4 b5 16. Bd5 Nxd5 17. Qxd5 g5 18. Bxd6 Bxd6 19. Qxd6+
Qxd6 20. Rxd6 Ke7 21. Red1 Rad8 22. R6d5 Rxd5 23. Rxd5 Rd8 24. Rxd8 Kxd8
25. Kf1 Ke7 26. Ke2 Ke6 27. Ke3 Ke5 28. g3 f5 29. f4+ Kf6 30. e5+ Ke6 31.
h3 gxf4+ 32. gxf4 Kd5 33. Kf3 c4 34. c3 a5 35. a3 h5 36. Kg3 Ke4 37. e6 Kd5
38. e7 Ke6 39. e8=Q+ { Black resigns } 1-0

[Event "ICC tourney 2580 (30 10)"]
[Site "Internet Chess Club"]
[Date "2021.05.22"]
[Round "1"]
[White "ADUSUMALLI, ANIRUDH SAI:Anichess2009"]
[Black "SPANTZEL, ARNOLD:ThorGodOfBlitz"]
[Result "0-1"]
[ICCResult "White resigns"]
[WhiteElo "886"]
[BlackElo "1082"]
[Opening "Ruy Lopez (Spanish opening)"]
[ECO "C60"]
[NIC "RL.01"]
[Time "11:06:11"]
[PlyCount "120"]
[TimeControl "1800+10"]

1. e4 e5 2. Nf3 Nc6 3. Bb5 Bd6 4. Nc3 Nf6 5. O-O a6 6. Bc4 O-O 7. d3 b6 8.
Nd5 Nxd5 9. Bxd5 Bb7 10. Bg5 Qe8 11. Re1 Nd8 12. Bxd8 Bxd5 13. exd5 Rxd8
14. d4 f6 15. Qe2 exd4 16. Nxd4 Qxe2 17. Rxe2 Be5 18. c3 Bxd4 19. cxd4 Rfe8
20. Rae1 Kf8 21. f4 Rxe2 22. Rxe2 Re8 23. Kf2 Rxe2+ 24. Kxe2 Ke7 25. Kd3 f5
26. a4 Kd6 27. Kc4 g6 28. h4 h6 29. g3 h5 30. b3 a5 31. Kd3 Kxd5 32. Ke3 d6
33. Kd3 c5 34. dxc5 dxc5 35. Kc3 Ke4 36. Kc4 Kf3 37. Kb5 Kxg3 38. Kxb6 Kxf4
39. Kxa5 Ke5 40. Kb5 f4 41. a5 f3 42. a6 f2 43. a7 f1=Q+ 44. Kb6 Qf6+ 45.
Kc7 Qd6+ 46. Kb7 Qd7+ 47. Kb8 Qxa7+ 48. Kxa7 g5 49. hxg5 h4 50. g6 Kf6 51.
Kb6 h3 52. g7 Kxg7 53. Kxc5 h2 54. b4 h1=Q 55. b5 Qh8 56. b6 Qb8 57. Kc6
Kf7 58. b7 Ke6 59. Kb6 Kd6 60. Ka6 Kc6 { White resigns } 0-1

[Event "ICC tourney 2580 (30 10)"]
[Site "Internet Chess Club"]
[Date "2021.05.22"]
[Round "1"]
[White "BHOSALE, ARNAV:avbhosale"]
[Black "ZENG, CALEB:calebzeng"]
[Result "0-1"]
[ICCResult "White checkmated"]
[WhiteElo "752"]
[BlackElo "957"]
[Opening "Philidor: exchange variation"]
[ECO "C41"]
[NIC "KP.08"]
[Time "11:06:00"]
[PlyCount "138"]
[TimeControl "1800+10"]

1. e4 e5 2. Nf3 d6 3. d4 exd4 4. Nxd4 Nc6 5. Bb5 Bd7 6. Nxc6 Bxc6 7. Bxc6+
bxc6 8. Nc3 Be7 9. O-O Nf6 10. Be3 O-O 11. f4 Nd7 12. Rf3 f5 13. Rh3 g6 14.
b4 Bf6 15. Bd4 Bxd4+ 16. Qxd4 Qf6 17. Qc4+ Kh8 18. exf5 Qxf5 19. Qxc6 Nb6
20. Qxc7 Qxf4 21. Rf3 Qd4+ 22. Kh1 Rxf3 23. gxf3 Rc8 24. Qe7 Qxc3 25. Re1
Qxf3+ 26. Kg1 Rf8 27. Qe2 Qxe2 28. Rxe2 Rc8 29. Kf1 Kg7 30. Ke1 Kh6 31. Kd2
Nd5 32. a3 Nc3 33. Re3 Nb1+ 34. Kc1 Nc3 35. Kd2 Nb5 36. a4 Nc7 37. Rc3 a6
38. b5 axb5 39. axb5 Rb8 40. Rxc7 Rxb5 41. c4 Rc5 42. Rxc5 dxc5 43. Ke3 Kg5
44. Ke4 Kf6 45. Kd5 Ke7 46. Kxc5 Kd7 47. Kb6 h5 48. c5 Kc8 49. c6 g5 50. c7
h4 51. Kc5 g4 52. Kd4 g3 53. hxg3 h3 54. Ke3 h2 55. Kf2 h1=Q 56. g4 Qh8 57.
Kf3 Qg7 58. Kf4 Kxc7 59. g5 Qg6 60. Kg4 Kd6 61. Kf4 Ke6 62. Kg4 Qf5+ 63.
Kh5 Kf7 64. Kh4 Kg6 65. Kg3 Qxg5+ 66. Kh3 Kf5 67. Kh2 Kf4 68. Kh1 Kf3 69.
Kh2 Qg2# { White checkmated } 0-1

[Event "ICC tourney 2580 (30 10)"]
[Site "Internet Chess Club"]
[Date "2021.05.22"]
[Round "1"]
[White "GOUW, KEVIAN:grandmasted"]
[Black "Park, Lucas:chesspen20"]
[Result "0-1"]
[ICCResult "White checkmated"]
[WhiteElo "803"]
[BlackElo "1034"]
[Opening "QGD Slav defense"]
[ECO "D13"]
[NIC "SL.01"]
[Time "11:06:08"]
[PlyCount "120"]
[TimeControl "1800+10"]

1. d4 d5 2. c4 c6 3. Nc3 Nf6 4. cxd5 cxd5 5. Nf3 Nc6 6. h3 Bf5 7. e3 e6 8.
Bb5 Bd6 9. Qa4 Qb6 10. Ne5 Bxe5 11. dxe5 Ne4 12. Nxe4 Bxe4 13. O-O O-O 14.
Bd2 a6 15. Bxc6 Qxc6 16. Qxc6 bxc6 17. Rac1 Rfc8 18. Rc3 Rab8 19. b3 h6 20.
Rfc1 Rb6 21. a4 a5 22. Rc5 Rxb3 23. Bxa5 Ra3 24. Rxc6 Rxc6 25. Rxc6 Rxa4
26. Ra6 Ra1+ 27. Kh2 Ra2 28. f3 Bxf3 29. Ra8+ Kh7 30. Kg3 Bxg2 31. Ra7 Kg6
32. h4 h5 33. Ra8 d4 34. exd4 Bxa8 35. Bc3 Ra3 36. Kf4 Rxc3 37. d5 Rc4+ 38.
Ke3 exd5 39. Kd3 Bc6 40. e6 fxe6 41. Ke3 e5 42. Kd3 e4+ 43. Ke3 d4+ 44. Kd2
Rc3 45. Ke2 Bb5+ 46. Kd2 Be2 47. Kxe2 Ra3 48. Kd2 e3+ 49. Ke1 d3 50. Kf1
e2+ 51. Ke1 Ra1+ 52. Kd2 e1=Q+ 53. Kxd3 Qb4 54. Kc2 Ra3 55. Kc1 Rc3+ 56.
Kd2 Qd4+ 57. Ke2 Re3+ 58. Kf2 Qf4+ 59. Kg2 Rg3+ 60. Kh2 Qxh4# { White
checkmated } 0-1

[Event "ICC tourney 2580 (30 10)"]
[Site "Internet Chess Club"]
[Date "2021.05.22"]
[Round "1"]
[White "Zhang, Oscar Yihang:oscaryhz"]
[Black "Koza, Shawn:shawnkz"]
[Result "1-0"]
[ICCResult "Black checkmated"]
[WhiteElo "1036"]
[BlackElo "809"]
[Opening "Giuoco Piano"]
[ECO "C54"]
[NIC "IG.02"]
[Time "11:06:06"]
[PlyCount "115"]
[TimeControl "1800+10"]

1. e4 e5 2. Nf3 Nc6 3. Bc4 Bc5 4. c3 Nf6 5. d4 exd4 6. cxd4 Bb4+ 7. Bd2
Nxe4 8. Bxb4 Nxb4 9. Bxf7+ Kxf7 10. Qb3+ d5 11. Ne5+ Ke6 12. Qxb4 Qf8 13.
Qxf8 Rxf8 14. f3 Nd6 15. Nd2 c5 16. dxc5 Kxe5 17. cxd6 Kxd6 18. Kf2 Bd7 19.
Rhd1 Bf5 20. Rac1 Rac8 21. Nc4+ Ke7 22. Rxd5 Be6 23. Re5 b5 24. Rce1 bxc4
25. Rxe6+ Kd8 26. Rd1+ Kc7 27. Re7+ Kc6 28. Rxg7 Rb8 29. Rd2 Rb7 30. Rxb7
Kxb7 31. Rd7+ Kb6 32. Rxh7 a5 33. Rh5 a4 34. a3 Rc8 35. Rh3 Kb5 36. f4 Rf8
37. Rf3 Kc5 38. f5 Kd4 39. f6 Ke5 40. g4 Rxf6 41. Rxf6 Kxf6 42. Ke3 Kg5 43.
Kd4 Kxg4 44. Kxc4 Kh3 45. Kb4 Kxh2 46. Kxa4 Kh3 47. Kb4 Kg4 48. a4 Kf5 49.
a5 Ke6 50. a6 Kd6 51. a7 Kc7 52. a8=Q Kb6 53. Qc8 Ka7 54. Qc6 Kb8 55. Qd7
Ka8 56. Kb5 Kb8 57. Kb6 Ka8 58. Qc8# { Black checkmated } 1-0

[Event "ICC tourney 2580 (30 10)"]
[Site "Internet Chess Club"]
[Date "2021.05.22"]
[Round "1"]
[White "Bi, Lige:Bilige1103"]
[Black "BUTENKO, ZLATA:butik666"]
[Result "1-0"]
[ICCResult "Black checkmated"]
[WhiteElo "829"]
[BlackElo "1051"]
[Opening "King's Indian: Andersson variation"]
[ECO "E92"]
[NIC "KI.18"]
[Time "11:06:04"]
[PlyCount "87"]
[TimeControl "1800+10"]

1. d4 Nf6 2. c4 g6 3. Nc3 Bg7 4. e4 d6 5. Nf3 O-O 6. Be2 e5 7. dxe5 dxe5 8.
Qxd8 Rxd8 9. Bg5 h6 10. Bxf6 Bxf6 11. Nd5 Nd7 12. Nxc7 Rb8 13. Nd5 Bg7 14.
O-O Nc5 15. Rad1 Be6 16. Nd2 a6 17. b4 Nd7 18. Nb3 Nf6 19. f3 Kf8 20. Na5
Rdc8 21. Nb6 Rc7 22. a3 Nd7 23. Rd6 Nxb6 24. Rxb6 Kg8 25. c5 Bd7 26. Rd1
Be8 27. Bc4 Kh8 28. Kf2 Bf8 29. Rd5 Bg7 30. Ke3 Bd7 31. Rbd6 Be6 32. Rd1
Bxc4 33. Nxc4 Rcc8 34. Rd7 Kg8 35. Nb6 Re8 36. Rc7 Rec8 37. Nxc8 h5 38.
Rdd7 Bh6+ 39. Ke2 Bf4 40. Rxf7 Bg5 41. Rg7+ Kf8 42. Rcf7+ Ke8 43. Nd6+ Kd8
44. Rf8# { Black checkmated } 1-0

[Event "ICC tourney 2580 (30 10)"]
[Site "Internet Chess Club"]
[Date "2021.05.22"]
[Round "1"]
[White "TRAN, NGUYEN NAM:nguyencaptures"]
[Black "Sajja, Sampath:sampathsajja"]
[Result "0-1"]
[ICCResult "White checkmated"]
[WhiteElo "1021"]
[BlackElo "761"]
[Opening "King's pawn game"]
[ECO "C50"]
[NIC "IG.03"]
[Time "11:06:05"]
[PlyCount "200"]
[TimeControl "1800+10"]

1. e4 e5 2. Nf3 Nc6 3. Bc4 h6 4. c3 Nf6 5. d4 exd4 6. cxd4 d5 7. exd5 Nxd5
8. O-O Be7 9. Re1 O-O 10. h3 Nf6 11. Nc3 Bd6 12. Be3 Bd7 13. d5 Na5 14. Bd3
Qc8 15. a3 Bxh3 16. Nh4 g5 17. Qf3 gxh4 18. Qxh3 Qxh3 19. gxh3 h5 20. Bg5
Nb3 21. Rab1 Nh7 22. Bxh4 Nd2 23. Kg2 Nxb1 24. Bxb1 Kh8 25. Kf3 Rae8 26.
Rg1 Rg8 27. Rf1 f6 28. Bxh7 Kxh7 29. Ne4 Be5 30. b3 f5 31. Ng5+ Kh6 32. Rg1
Bf6 33. Nf7+ Kh7 34. Rxg8 Kxg8 35. Bxf6 Kxf7 36. Bc3 Rd8 37. Kf4 Kg6 38. h4
Rxd5 39. Ke3 Rc5 40. Kd4 Rxc3 41. Kxc3 f4 42. Kd4 Kf5 43. f3 c6 44. b4 b6
45. a4 a5 46. bxa5 bxa5 47. Kc5 Ke5 48. Kxc6 Kd4 49. Kb5 Ke3 50. Kxa5 Kxf3
51. Kb6 Kg3 52. a5 f3 53. a6 f2 54. a7 f1=Q 55. a8=Q Qf2+ 56. Kb5 Qb2+ 57.
Kc4 Qc2+ 58. Kd4 Qd2+ 59. Kc5 Qe3+ 60. Kc4 Qf4+ 61. Kc5 Kxh4 62. Qh1+ Kg4
63. Qg1+ Qg3 64. Qd4+ Kh3 65. Qd7+ Qg4 66. Qd3+ Kh2 67. Qc2+ Qg2 68. Qh7
Qg1+ 69. Kc4 Qg4+ 70. Kd3 h4 71. Ke3 Kg2 72. Qc2+ Kg3 73. Qf2+ Kh3 74. Qf1+
Qg2 75. Qf5+ Kh2 76. Qh5 h3 77. Kf4 Qg3+ 78. Kf5 Kg2 79. Qe2+ Qf2+ 80.
Qxf2+ Kxf2 81. Kg4 h2 82. Kf4 h1=Q 83. Kg5 Qh3 84. Kf4 Qg2 85. Ke5 Qf3 86.
Kd4 Qe2 87. Kc3 Qd1 88. Kc4 Qd2 89. Kc5 Qd3 90. Kb4 Qc2 91. Kb5 Qc3 92. Ka4
Qb2 93. Ka5 Qb3 94. Ka6 Qb4 95. Ka7 Qb5 96. Ka8 Kf3 97. Ka7 Ke4 98. Ka8 Kd5
99. Ka7 Kc6 100. Ka8 Qb7# { White checkmated } 0-1

[Event "ICC tourney 2580 (30 10)"]
[Site "Internet Chess Club"]
[Date "2021.05.22"]
[Round "1"]
[White "SRIDHAR, VINAY:VinaySridhar"]
[Black "AGGARWAL, AYAAN:ayaanagg"]
[Result "1-0"]
[ICCResult "Black resigns"]
[WhiteElo "1054"]
[BlackElo "869"]
[Opening "QGD: 4.Bg5 Be7"]
[ECO "D53"]
[NIC "QO.13"]
[Time "11:06:03"]
[PlyCount "65"]
[TimeControl "1800+10"]

1. d4 d5 2. c4 e6 3. Nc3 Nf6 4. Bg5 Be7 5. Nf3 Nc6 6. e3 O-O 7. Bd3 h6 8.
Bh4 Qd6 9. Bg3 Qb4 10. Qe2 dxc4 11. Bxc4 Na5 12. Bd3 c6 13. O-O b6 14. Rfb1
c5 15. a3 Qb3 16. Bc2 Qc4 17. Bd3 Qb3 18. Rc1 cxd4 19. Nxd4 Bd7 20. Re1 Bc5
21. Nxb3 Nxb3 22. Rad1 e5 23. Bxe5 Bg4 24. f3 Rae8 25. fxg4 Rxe5 26. Qc2
Nd4 27. exd4 Bxd4+ 28. Kh1 Rfe8 29. Rxe5 Rxe5 30. h3 h5 31. gxh5 Rxh5 32.
Ne4 Ng4 33. Qc8+ { Black resigns } 1-0

[Event "ICC tourney 2580 (30 10)"]
[Site "Internet Chess Club"]
[Date "2021.05.22"]
[Round "2"]
[White "TONG, IAN:Iantong18"]
[Black "STIEGLITZ, RHYS BENJAMIN:RhysieB"]
[Result "1-0"]
[ICCResult "Black resigns"]
[WhiteElo "918"]
[BlackElo "1000"]
[Opening "Ruy Lopez: Möller defense"]
[ECO "C78"]
[NIC "RL.12"]
[Time "13:02:22"]
[PlyCount "43"]
[TimeControl "1800+10"]

1. e4 e5 2. Nf3 Nc6 3. Bb5 a6 4. Ba4 Nf6 5. O-O Bc5 6. d3 b5 7. Bb3 O-O 8.
Be3 Be7 9. Nc3 d6 10. h3 Na5 11. Bd5 Nxd5 12. Nxd5 c6 13. Nxe7+ Qxe7 14.
Qd2 Nb7 15. a4 Be6 16. Ng5 Bd7 17. Nf3 Qf6 18. Bg5 Qg6 19. Nh4 Qh5 20. Nf5
f6 21. Be3 Qg6 22. Ne7+ { Black resigns } 1-0

[Event "ICC tourney 2580 (30 10)"]
[Site "Internet Chess Club"]
[Date "2021.05.22"]
[Round "2"]
[White "SINTON, LUC:LucSinton"]
[Black "Zhang, Oscar Yihang:oscaryhz"]
[Result "0-1"]
[ICCResult "White resigns"]
[WhiteElo "674"]
[BlackElo "1036"]
[Opening "Three knights game"]
[ECO "C46"]
[NIC "KP.06"]
[Time "13:02:27"]
[PlyCount "78"]
[TimeControl "1800+10"]

1. e4 e5 2. Nf3 Nc6 3. Nc3 Bc5 4. Nxe5 Nxe5 5. d4 Bd6 6. dxe5 Bxe5 7. Bc4
Nf6 8. Nd5 O-O 9. Nxf6+ Qxf6 10. h3 d6 11. Be3 Be6 12. Bxe6 fxe6 13. O-O
Rad8 14. Bxa7 b6 15. c3 Ra8 16. g3 Qg6 17. Qg4 Qxg4 18. hxg4 Rxa7 19. f4
Bf6 20. g5 Be7 21. Kg2 Raa8 22. Rh1 e5 23. Rh2 exf4 24. gxf4 Rxf4 25. Rah1
Rxa2 26. Kg3 Rxe4 27. g6 h6 28. Kf3 Re6 29. Re2 Rxe2 30. Kxe2 Rxb2+ 31. Kd3
Kf8 32. Rf1+ Bf6 33. Ra1 Rb3 34. Ra8+ Ke7 35. Kd2 Rxc3 36. Ra7 Kd7 37. Ra8
Rg3 38. Rf8 Rxg6 39. Rf7+ Kc6 { White resigns } 0-1

[Event "ICC tourney 2580 (30 10)"]
[Site "Internet Chess Club"]
[Date "2021.05.22"]
[Round "2"]
[White "Park, Lucas:chesspen20"]
[Black "Bi, Lige:Bilige1103"]
[Result "0-1"]
[ICCResult "White checkmated"]
[WhiteElo "1034"]
[BlackElo "829"]
[Opening "King's Indian: Smyslov system"]
[ECO "E61"]
[NIC "KI.76"]
[Time "13:02:22"]
[PlyCount "70"]
[TimeControl "1800+10"]

1. d4 Nf6 2. Nf3 g6 3. c4 d6 4. Nc3 Bg7 5. Bg5 O-O 6. e3 h6 7. Bh4 g5 8.
Bg3 Bf5 9. Bd3 Bh7 10. O-O c5 11. dxc5 dxc5 12. Nb5 Bxd3 13. Re1 Nc6 14.
Nc7 Rc8 15. Nd5 Bxc4 16. Nxf6+ Bxf6 17. Qc2 Qd3 18. Qxd3 Bxd3 19. Red1 c4
20. Ne1 Bxb2 21. Nxd3 Bxa1 22. Rxa1 cxd3 23. Rd1 Rfd8 24. Kf1 Nb4 25. f4
Nxa2 26. fxg5 Rc1 27. Rxc1 Nxc1 28. Ke1 d2+ 29. Kd1 Na2 30. gxh6 Nc3+ 31.
Kc2 d1=Q+ 32. Kxc3 Rc8+ 33. Kb2 Rc2+ 34. Kb3 Qb1+ 35. Ka3 Ra2# { White
checkmated } 0-1

[Event "ICC tourney 2580 (30 10)"]
[Site "Internet Chess Club"]
[Date "2021.05.22"]
[Round "2"]
[White "Sajja, Sampath:sampathsajja"]
[Black "SRIDHAR, VINAY:VinaySridhar"]
[Result "0-1"]
[ICCResult "White checkmated"]
[WhiteElo "761"]
[BlackElo "1054"]
[Opening "Ponziani: Jaenisch counter-attack"]
[ECO "C44"]
[NIC "KP.05"]
[Time "13:02:25"]
[PlyCount "60"]
[TimeControl "1800+10"]

1. e4 e5 2. Nf3 Nc6 3. c3 Nf6 4. d4 d6 5. d5 Ne7 6. Qa4+ Bd7 7. Bb5 g6 8.
Bg5 Bg7 9. Bxf6 Bxf6 10. Bxd7+ Qxd7 11. Qxd7+ Kxd7 12. Nbd2 c6 13. dxc6+
Nxc6 14. O-O-O a5 15. Nc4 Be7 16. Nb6+ Kc7 17. Nxa8+ Rxa8 18. Kb1 a4 19. a3
b5 20. Rc1 Na5 21. Nd2 Bg5 22. Rc2 Bxd2 23. Rxd2 Nc4 24. Rd5 Kc6 25. Rhd1
Rf8 26. Kc2 f5 27. exf5 Rxf5 28. b3 axb3+ 29. Kxb3 Rxf2 30. a4 Rb2# { White
checkmated } 0-1

[Event "ICC tourney 2580 (30 10)"]
[Site "Internet Chess Club"]
[Date "2021.05.22"]
[Round "2"]
[White "BUTENKO, ZLATA:butik666"]
[Black "GOUW, KEVIAN:grandmasted"]
[Result "1-0"]
[ICCResult "Black checkmated"]
[WhiteElo "1051"]
[BlackElo "803"]
[Opening "King's pawn game"]
[ECO "C50"]
[NIC "IG.03"]
[Time "13:02:25"]
[PlyCount "129"]
[TimeControl "1800+10"]

1. e4 e5 2. Nf3 Nc6 3. Bc4 h6 4. O-O Nf6 5. d3 Bc5 6. Nc3 d6 7. h3 O-O 8.
Be3 Nd4 9. Nb1 d5 10. exd5 Nxd5 11. Nxe5 Re8 12. Nf3 Nxf3+ 13. Qxf3 Nxe3
14. Bxf7+ Kh8 15. Bxe8 Nxf1 16. Bh5 Qf6 17. Qxf6 gxf6 18. Kxf1 Bd4 19. Nc3
Bxc3 20. bxc3 Be6 21. Bf3 Rb8 22. c4 b5 23. Rb1 b4 24. a3 c5 25. c3 a5 26.
Bd5 Bf5 27. Ke2 b3 28. Bc6 Rc8 29. Bb5 Rd8 30. Rxb3 Bxd3+ 31. Kf3 Rb8 32.
Ba4 Rc8 33. Rb5 Bxc4 34. Rxa5 Bd5+ 35. Ke2 Bxg2 36. h4 Re8+ 37. Bxe8 Kg7
38. Rxc5 Kf8 39. Bh5 Ke7 40. Bf3 Bh3 41. a4 Kd6 42. Rc4 Be6 43. Rf4 Kc5 44.
Rxf6 Bc4+ 45. Ke3 Bb3 46. Rxh6 Bxa4 47. Rc6+ Bxc6 48. Bxc6 Kxc6 49. h5 Kd6
50. h6 Kc5 51. h7 Kc4 52. h8=Q Kb3 53. f4 Kc2 54. f5 Kb3 55. f6 Kc2 56. f7
Kb3 57. f8=Q Kc2 58. Qh2+ Kb3 59. Qfb8+ Kc4 60. Qhc7+ Kd5 61. Qbd8+ Ke6 62.
Qce7+ Kf5 63. Qdf8+ Kg6 64. Qeg7+ Kh5 65. Qfh8# { Black checkmated } 1-0

[Event "ICC tourney 2580 (30 10)"]
[Site "Internet Chess Club"]
[Date "2021.05.22"]
[Round "2"]
[White "Koza, Shawn:shawnkz"]
[Black "GUAN, MARIE:marieplaychess"]
[Result "0-1"]
[ICCResult "White checkmated"]
[WhiteElo "809"]
[BlackElo "951"]
[Opening "French: Winawer, Petrosian variation"]
[ECO "C16"]
[NIC "FR.09"]
[Time "13:02:25"]
[PlyCount "80"]
[TimeControl "1800+10"]

1. e4 e6 2. d4 d5 3. Nc3 Bb4 4. e5 Qd7 5. Bd2 Ne7 6. a3 Ba5 7. Bd3 Bb6 8.
Nf3 c5 9. dxc5 Bxc5 10. O-O Nbc6 11. b4 Bd4 12. Nxd4 Nxd4 13. Qg4 Ndf5 14.
Bxf5 Nxf5 15. Rad1 Qc7 16. Rfe1 Bd7 17. Rc1 O-O-O 18. b5 d4 19. Ne4 Bxb5
20. Rb1 Bd7 21. f4 Kb8 22. Rb2 h5 23. Qe2 h4 24. Reb1 b6 25. Qa6 Bc8 26.
Rxb6+ axb6 27. Rxb6+ Bb7 28. Nc5 Rd7 29. Nxd7+ Qxd7 30. Qa8+ Kxa8 31. Kf2
Qd5 32. g4 Qf3+ 33. Ke1 Ne3 34. Bxe3 Qxe3+ 35. Kd1 Qg1+ 36. Kd2 Qf2+ 37.
Kc1 Qe1+ 38. Kb2 Qc3+ 39. Kc1 Rc8 40. Rb2 Qe1# { White checkmated } 0-1

[Event "ICC tourney 2580 (30 10)"]
[Site "Internet Chess Club"]
[Date "2021.05.22"]
[Round "2"]
[White "SPANTZEL, ARNOLD:ThorGodOfBlitz"]
[Black "VILLEGAS, HOWARD ANDREI:HowardAV5223"]
[Result "0-1"]
[ICCResult "White checkmated"]
[WhiteElo "1082"]
[BlackElo "922"]
[Opening "Sicilian: Canal-Sokolsky attack, 3...Bd7"]
[ECO "B52"]
[NIC "SI.01"]
[Time "13:02:19"]
[PlyCount "158"]
[TimeControl "1800+10"]

1. e4 c5 2. Nf3 d6 3. Bb5+ Bd7 4. Bxd7+ Qxd7 5. Nc3 Nc6 6. d3 Nf6 7. O-O g6
8. Bg5 Bg7 9. Bxf6 Bxf6 10. Re1 O-O 11. Qc1 Bg7 12. Ne2 e6 13. Ng3 Ne5 14.
Nd2 Bh6 15. Qd1 Rac8 16. Nc4 Bg7 17. Nxe5 Bxe5 18. c3 Bg7 19. Rc1 Rfd8 20.
Qf3 b5 21. b4 cxb4 22. cxb4 Bc3 23. Red1 Bxb4 24. Rb1 Bc3 25. Rb3 d5 26.
Rc1 dxe4 27. dxe4 Bg7 28. Rbb1 Rxc1+ 29. Rxc1 Rc8 30. Re1 Qd2 31. Qd1 Rc2
32. Qxd2 Rxd2 33. h3 Rxa2 34. Rb1 Ra1 35. Rxa1 Bxa1 36. Ne2 a5 37. Kf1 b4
38. Nc1 a4 39. Ke1 Kf8 40. Nd3 Bc3+ 41. Kd1 Ke7 42. Kc2 Kd6 43. Nc1 Kc5 44.
Na2 b3+ 45. Kxc3 bxa2 46. Kb2 Kd4 47. Kxa2 Kxe4 48. Ka3 Kd3 49. f4 Ke4 50.
g3 Kf3 51. g4 Kxf4 52. Kxa4 Kg3 53. g5 Kxh3 54. Kb4 Kg4 55. Kc3 Kxg5 56.
Kd3 h5 57. Ke2 Kg4 58. Kf1 Kg3 59. Kg1 f5 60. Kh1 f4 61. Kg1 f3 62. Kf1 h4
63. Kg1 h3 64. Kh1 Kf2 65. Kh2 Ke2 66. Kxh3 f2 67. Kg3 f1=Q 68. Kg4 Qf3+
69. Kg5 Qf5+ 70. Kh4 g5+ 71. Kh5 g4+ 72. Kh6 g3 73. Kg7 g2 74. Kh6 Qh3+ 75.
Kg7 g1=Q+ 76. Kf7 Qf3+ 77. Ke7 Qc5+ 78. Kd8 Qb7 79. Ke8 Qbe7# { White
checkmated } 0-1

[Event "ICC tourney 2580 (30 10)"]
[Site "Internet Chess Club"]
[Date "2021.05.22"]
[Round "2"]
[White "AGGARWAL, AYAAN:ayaanagg"]
[Black "TRAN, NGUYEN NAM:nguyencaptures"]
[Result "0-1"]
[ICCResult "White checkmated"]
[WhiteElo "869"]
[BlackElo "1021"]
[Opening "Four knights: Spanish variation"]
[ECO "C48"]
[NIC "KP.03"]
[Time "13:02:22"]
[PlyCount "106"]
[TimeControl "1800+10"]

1. e4 e5 2. Nf3 Nc6 3. Nc3 Nf6 4. Bb5 Bd6 5. O-O O-O 6. h3 h6 7. d4 Nxd4 8.
Nxd4 exd4 9. Qxd4 Re8 10. Qc4 c6 11. Ba4 b5 12. Bxb5 cxb5 13. Nxb5 Ba6 14.
Rd1 Bxb5 15. Qxb5 Qe7 16. Qd3 Bc7 17. Re1 Qd6 18. Qxd6 Bxd6 19. f3 g5 20.
Bd2 Be5 21. b4 Bxa1 22. Rxa1 Rac8 23. Rc1 Rc6 24. b5 Rb6 25. Rb1 a6 26. a4
axb5 27. a5 Rb7 28. a6 Ra7 29. Ra1 Rea8 30. Bc3 Nh7 31. Ra5 Rxa6 32. Rxb5
Rc6 33. Bd4 Rxc2 34. Kh2 Rd2 35. Bc3 Rd3 36. Bb2 Kf8 37. Rb7 Ra2 38. Rb8+
Ke7 39. g4 Rd2+ 40. Kg3 Raxb2 41. Rxb2 Rxb2 42. f4 Rb3+ 43. Kf2 gxf4 44. h4
Rg3 45. e5 Rxg4 46. h5 Ng5 47. Ke2 f3+ 48. Ke3 Re4+ 49. Kd3 f2 50. Kc3 f1=Q
51. Kb3 Qd3+ 52. Ka2 Re2+ 53. Ka1 Qd1# { White checkmated } 0-1

[Event "ICC tourney 2580 (30 10)"]
[Site "Internet Chess Club"]
[Date "2021.05.22"]
[Round "2"]
[White "BANERJEE, ISHAAN:ishban"]
[Black "NGUYEN, THANH VIET:thanhcaptures"]
[Result "1-0"]
[ICCResult "Black checkmated"]
[WhiteElo "945"]
[BlackElo "1187"]
[Opening "English: four knights, kingside fianchetto"]
[ECO "A29"]
[NIC "EO.04"]
[Time "13:02:23"]
[PlyCount "123"]
[TimeControl "1800+10"]

1. c4 e5 2. Nc3 Nf6 3. Nf3 Nc6 4. g3 d6 5. Bg2 Be7 6. d3 O-O 7. Bd2 Be6 8.
a3 e4 9. Ng5 exd3 10. exd3 Bf5 11. Nge4 Re8 12. O-O Qd7 13. Re1 Rab8 14. b4
Ne5 15. Qc2 Nxe4 16. Nxe4 c6 17. Bc3 Bxe4 18. Rxe4 Bf6 19. Rae1 Re7 20. f4
Ng4 21. Bxf6 Rxe4 22. Rxe4 Nxf6 23. Re3 Rc8 24. Qe2 Ng4 25. Bh3 f5 26. Re7
Qd8 27. Bxg4 fxg4 28. Qe6+ Kh8 29. Qf7 Qg8 30. Rxb7 Qxf7 31. Rxf7 d5 32.
Rxa7 dxc4 33. dxc4 Kg8 34. a4 Rd8 35. b5 Rc8 36. b6 Rd8 37. b7 Rd1+ 38. Kg2
Rd2+ 39. Kg1 Rd1+ 40. Kf2 Rd2+ 41. Ke3 Rb2 42. Ra8+ Kf7 43. b8=Q Rxb8 44.
Rxb8 Kg6 45. Rb6 Kh5 46. Rxc6 h6 47. Rc8 Kg6 48. a5 Kh5 49. a6 g5 50. fxg5
Kxg5 51. a7 Kh5 52. Kf4 Kg6 53. Kxg4 h5+ 54. Kf4 Kf6 55. Rc6+ Kg7 56. Kf5
Kh7 57. Kg5 Kg8 58. Kf6 Kh7 59. Rc7+ Kh6 60. g4 hxg4 61. Rc8 Kh5 62. Rh8# {
Black checkmated } 1-0

[Event "ICC tourney 2580 (30 10)"]
[Site "Internet Chess Club"]
[Date "2021.05.22"]
[Round "3"]
[White "Zhang, Oscar Yihang:oscaryhz"]
[Black "VILLEGAS, HOWARD ANDREI:HowardAV5223"]
[Result "0-1"]
[ICCResult "White checkmated"]
[WhiteElo "1036"]
[BlackElo "922"]
[Opening "Sicilian: Najdorf, 7.f4"]
[ECO "B96"]
[NIC "SI.04"]
[Time "15:00:33"]
[PlyCount "40"]
[TimeControl "1800+10"]

1. e4 c5 2. Nf3 d6 3. d4 cxd4 4. Nxd4 Nf6 5. Nc3 a6 6. Bg5 e6 7. f4 h6 8.
Bh4 Qb6 9. Nb3 Qe3+ 10. Be2 Qxf4 11. Bg3 Qe3 12. Bxd6 Nxe4 13. Bg3 Nxg3 14.
hxg3 Qxg3+ 15. Kf1 Qf4+ 16. Ke1 Be7 17. Rf1 Bh4+ 18. Rf2 Bxf2+ 19. Kf1 Be3+
20. Ke1 Qf2# { White checkmated } 0-1

[Event "ICC tourney 2580 (30 10)"]
[Site "Internet Chess Club"]
[Date "2021.05.22"]
[Round "3"]
[White "GOUW, KEVIAN:grandmasted"]
[Black "AGGARWAL, AYAAN:ayaanagg"]
[Result "1-0"]
[ICCResult "Black checkmated"]
[WhiteElo "803"]
[BlackElo "869"]
[Opening "QGD: Marshall defense"]
[ECO "D06"]
[NIC "QP.08"]
[Time "15:00:35"]
[PlyCount "61"]
[TimeControl "1800+10"]

1. d4 d5 2. c4 Nf6 3. cxd5 Nxd5 4. e4 Nb6 5. Nc3 Nc6 6. Bb5 Bd7 7. Nf3 e6
8. a3 Be7 9. O-O O-O 10. Bf4 h6 11. Re1 a6 12. Bxc6 Bxc6 13. Ne5 Qd7 14.
Nxd7 Bxd7 15. Bxc7 Nc4 16. Rb1 Rac8 17. Bf4 Nxb2 18. Rxb2 Rxc3 19. Rxb7 Rd8
20. Re3 Rxe3 21. Bxe3 f6 22. a4 Bc6 23. Rxe7 e5 24. Re6 exd4 25. Bxd4 Bxa4
26. Qxa4 Rc8 27. h3 g5 28. Re8+ Rxe8 29. Qxe8+ Kh7 30. Bxf6 a5 31. Qf7# {
Black checkmated } 1-0